 Dungeon Crawl Stone Soup version 0.31-a0-960-g0fca184906 (webtiles) character file.

Game seed: 17517909474590622247

8337 Gladio the Cleaver (level 11, -3/103 HPs)
             Began as a Naga Fighter on Oct 23, 2023.
             Was a Follower of Cheibriados.
             Slain by a cane toad (16 damage)
             ... on level 9 of the Dungeon.
             The game lasted 00:23:11 (11558 turns).

Gladio the Cleaver (Naga Fighter)                  Turns: 11558, Time: 00:23:12

Health: -3/103     AC: 27    Str: 25    XL:     11   Next: 29%
Magic:  12/12      EV:  3    Int: 10    God:    Cheibriados [*.....]
Gold:   524        SH:  6    Dex: 13    Spells: 10/10 levels left

rFire   . . .        F - +1 flail (venom)
rCold   + . .        c - +0 buckler
rNeg    . . .        m - +0 plate armour {rC+}
rPois   +            M - +2 helmet
rElec   .            R - +0 cloak
rCorr   .            r - +1 pair of gloves
SInv    +            k - +3 barding of Forking Paths {Will++}
Will    ++++.        (no amulet) Stlth
                     D - ring of willpower
HPRegen 0.37/turn    (no ring)
MPRegen 0.13/turn

%: no passive effects
@: very slow
A: AC +3, large, see invisible, deformed body, poison resistance, slowness 2,
spit poison 1, naga tail 1
a: Spit Poison, Renounce Religion, Bend Time


You were on level 9 of the Dungeon.
You worshipped Cheibriados.
Cheibriados was aware of your devotion.
You visited 3 branches of the dungeon, and saw 12 of its levels.

You collected 654 gold pieces.
You spent 130 gold pieces at shops.

Inventory:

Hand Weapons
 a - a +0 war axe
 g - a +2 whip of venom
 F - a +1 flail of venom (weapon)
 S - a +1 hand axe of flaming
Missiles
 s - 53 poisoned darts
 J - 7 boomerangs
 O - a throwing net
Armour
 b - a +0 scale mail
 c - a +0 buckler (worn)
 k - the +3 barding of Forking Paths (worn) {Will++}
   (You acquired it on level 4 of the Dungeon)

   Will++:    It greatly increases your willpower.
 m - a +0 plate armour of cold resistance (worn)
 r - a +1 pair of gloves (worn)
 M - a +2 helmet (worn)
 R - a +0 cloak (worn)
Jewellery
 e - an amulet of magic regeneration
 v - a +6 ring of intelligence
 D - a ring of willpower (left hand)
 P - a ring of protection from fire
Wands
 n - a wand of flame (24)
 p - a wand of digging (3)
 u - a wand of mindburst (4)
 A - a wand of polymorph (30)
 I - a wand of quicksilver (4)
 Q - a wand of iceblast (6)
Scrolls
 h - 3 scrolls of poison
 i - 4 scrolls of teleportation
 j - 3 scrolls of enchant weapon
 l - a scroll of butterflies {unknown}
 o - a scroll of blinking {unknown}
 t - a scroll of torment {unknown}
 y - 5 scrolls of fear
 B - 2 scrolls of revelation
 C - a scroll of fog {unknown}
 E - 2 scrolls of brand weapon {unknown}
 N - 2 scrolls of amnesia
 T - a scroll of vulnerability {unknown}
 U - a scroll of immolation {unknown}
Potions
 d - a potion of might
 f - a potion of magic
 q - 4 potions of lignification
 w - 2 potions of attraction
 z - 2 potions of enlightenment {unknown}
 G - 2 potions of ambrosia
 K - a potion of mutation {unknown}
 L - 3 potions of haste
Miscellaneous
 H - a sack of spiders (inert)


   Skills:
 + Level 8.3 Fighting
 - Level 9.0(9.9) Axes
 * Level 6.3(8.6) Maces & Flails
 + Level 6.9 Armour
 + Level 7.5 Shields
 + Level 2.0 Invocations


You had 10 spell levels left.
You didn't know any spells.
Your spell library contained the following spells:

 Spells                   Type           Power      Damage    Failure   Level
 Apportation              Tloc           0%         N/A       99%         1
 Sting                    Tmut/Pois      0%         1d3       99%         1
 Jinxbite                 Hex            0%         N/A       100%        2
 Poisonous Vapours        Pois/Air       0%         N/A       100%        2
 Sublimation of Blood     Necr           0%         N/A       100%        2
 Wereblood                Tmut           0%         N/A       100%        2
 Summon Guardian Golem    Hex/Summ       0%         N/A       100%        3
 Tukima's Dance           Hex            0%         N/A       100%        3
 Anguish                  Hex/Necr       0%         N/A       100%        4
 Animate Dead             Necr           0%         N/A       100%        4
 Cause Fear               Hex            0%         N/A       100%        4
 Dimensional Bullseye     Hex/Tloc       0%         N/A       100%        4
 Iskenderun's Mystic Bla  Conj/Tloc      0%         2d3       100%        4
 Olgreb's Toxic Radiance  Pois           0%         N/A       100%        4
 Alistair's Intoxication  Tmut/Pois      0%         N/A       100%        5
 Borgnjor's Vile Clutch   Necr/Erth      0%         N/A       100%        5
 Summon Forest            Summ/Tloc      0%         N/A       100%        5
 Summon Mana Viper        Hex/Summ       0%         N/A       100%        5
 Death Channel            Necr           0%         N/A       100%        6
 Summon Cactus Giant      Summ           0%         N/A       100%        6
 Enfeeble                 Hex            0%         N/A       100%        7
 Orb of Destruction       Conj           0%         9d5       100%        7
 Spellforged Servitor     Conj/Summ      0%         N/A       100%        7
 Summon Hydra             Summ           0%         N/A       100%        7


Dungeon Overview and Level Annotations

Branches:
Dungeon (10/15)            Temple (1/1) D:7            Lair (1/5) D:9
    Orc: D:9-12

Altars:
Ashenzari
Cheibriados
Dithmenos
Elyvilon
Fedhas
Gozag
Hepliaklqana
Kikubaaqudgha
Makhleb
Nemelex Xobeh
Okawaru
Qazlal
Ru
Sif Muna
Trog
Uskayaw
Vehumet
Wu Jian
Xom
Yredelemnul
Zin
The Shining One

Shops:
D:4 ?   D:6 [

Annotations:
D:8 1 runed translucent door, Kabixx's ghost, novice DsFE
Lair:1 Maggie


Innate Abilities, Weirdness & Mutations

Your serpentine skin is tough. (AC +3)
You have supernaturally acute eyesight. (SInv)
Armour fits poorly on your strangely shaped body.
Your system is resistant to poisons. (rPois)
You cover ground very slowly.
You can spit poison.
You have a snake-like lower body.


Message History

You hit the yak.
The yak is poisoned.
The yak is lightly wounded.
Your scorpion barely misses the yak.
The yak misses your scorpion.
You barely miss the yak.
The yak is lightly wounded.
Your scorpion stings the yak.
The yak gores you but does no damage.
You hit the yak.
The yak is moderately wounded.
Your scorpion stings the yak.
The yak gores you but does no damage.
You sock the yak!
The yak looks as sick as possible!
The yak is severely wounded.
Your scorpion stings the yak.
The yak looks as sick as possible!
Your scorpion poisons the yak!
The yak barely misses your scorpion.
You barely miss the yak.
The yak is almost dead.
Your scorpion stings the yak.
The yak dies!
Cheibriados appreciates the change of pace.
Your scorpion stings the cane toad but does no damage.
You block the cane toad's attack.
Your Invocations skill increases to level 2!
You hit the cane toad.
The cane toad is lightly wounded.
Your scorpion stings the cane toad but does no damage.
The cane toad stings your scorpion!
You barely miss the cane toad.
The cane toad is lightly wounded.
Your scorpion stings the cane toad but does no damage.
The cane toad stings your scorpion!!
Your scorpion dies!
Your scorpion's corpse disappears in a puff of smoke!
You thump the cane toad!
The cane toad looks as sick as possible!
The cane toad is moderately wounded.
The cane toad stings you but does no damage.
You closely miss the cane toad.
The cane toad is moderately wounded.
Your scorpion barely misses the cane toad.
The cane toad stings you!
You die...

.....................#......'....
.....................#......#....
...).................#......'....
######.............F.########....
.....#.).##'######...............
.....#...#.......#...............
.....#)..#.......#......########.
.....#...#.......#F.....#......#)
.....#...#......@#.....)#..F...#[
.....#...'......sFYY..##.......#[
.....#...#.....#######.....#####.
##.###.###.###.##.##...Y.....###[
#...............#.#...FP......#.)
..##.###.###.##...#.....P......[.
#.#...........#.#.#.....†.P......
#...##.###.##...#.#...>†.....P...
#)#.#.......#.#.#.#........P..#..


You could see 2 yaks, a cane toad (extremely poisoned, ally target) and a
friendly scorpion (summoned).

Vanquished Creatures
  Maurice (D:9)
  A gargoyle (D:10)
  A komodo dragon (D:9)
  2 trolls (D:10)
  Prince Ribbit (D:9)
  A hornet (D:9)
  3 blink frogs (D:9)
  A flying skull (D:6)
  8 yaks (D:9)
  A wyvern (D:7)
  4 water moccasins
  An acid dragon (D:10)
  3 black bears
  4 orc warriors
  A sky beast (D:7)
  An ogre (D:9)
  A centaur (D:10)
  A phantom (D:7)
  2 kobold brigands
  An elf zombie (D:6)
  4 bullfrogs
  3 gnoll sergeants (D:9)
  A scorpion (D:5)
  10 killer bees
  9 howler monkeys
  6 jellies
  10 orc priests
  2 gnoll boudas (D:9)
  6 hounds
  4 orc wizards
  Jessica (D:3)
  5 iguanas
  Ijyb (D:3)
  2 scorpion zombies (D:6)
  3 killer bee zombies (D:6)
  3 hound zombies (D:6)
  2 howler monkey zombies (D:6)
  11 gnolls
  12 adders
  A shadow imp (D:6)
  A white imp (D:7)
  2 ufetubi (D:6)
  2 adder zombies (D:6)
  2 worms
  A dart slug (D:3)
  24 orcs
  5 endoplasms
  5 giant cockroaches
  5 goblins
  8 hobgoblins
  11 jackals
  18 kobolds
  6 quokkas
  4 ball pythons
  5 frilled lizards
  3 rats
237 creatures vanquished.

Vanquished Creatures (collateral kills)
  A yak (D:9)
1 creature vanquished.

Vanquished Creatures (others)
  A flying skull (D:6)
1 creature vanquished.

Grand Total: 239 creatures vanquished

Notes
Turn   | Place    | Note
-------+----------+-------------------------------------------
     0 | D:1      | Gladio the Naga Fighter began the quest for the Orb.
     0 | D:1      | Reached XP level 1. HP: 21/21 MP: 1/1
   121 | D:1      | Reached XP level 2. HP: 18/28 MP: 2/2
   911 | D:2      | Reached XP level 3. HP: 34/34 MP: 3/3
  1580 | D:3      | Found a blossoming altar of Fedhas.
  1717 | D:3      | Noticed Jessica
  1720 | D:3      | Killed Jessica
  1721 | D:3      | Reached skill level 3 in Axes
  1721 | D:3      | Reached XP level 4. HP: 39/42 MP: 4/4
  1732 | D:3      | Found an ornate altar of the Wu Jian Council.
  1863 | D:3      | Identified the +1 robe of Gravity {rElec}
  1987 | D:3      | Noticed Ijyb
  1998 | D:3      | Killed Ijyb
  2064 | D:3      | Reached XP level 5. HP: 49/49 MP: 5/5
  2384 | D:3      | Found an opulent altar of Gozag.
  2777 | D:4      | Reached skill level 4 in Axes
  2834 | D:4      | Reached XP level 6. HP: 57/57 MP: 6/6
  2844 | D:4      | Found The Oracle's Delphic Readings.
  2848 | D:4      | Bought a scroll of fear for 40 gold pieces
  2848 | D:4      | Bought a scroll of teleportation for 30 gold pieces
  2848 | D:4      | Bought a scroll of teleportation for 30 gold pieces
  2848 | D:4      | Bought a scroll of teleportation for 30 gold pieces
  2850 | D:4      | Identified a scroll of acquirement
  2851 | D:4      | Acquired the +3 barding of Forking Paths {Will++}
  3223 | D:4      | You fall into a shaft and drop 2 floors!
  3236 | D:6      | Noticed an orc warrior
  3248 | D:6      | Killed an orc warrior
  3290 | D:6      | Noticed a water moccasin
  3307 | D:6      | Killed a water moccasin
  3308 | D:6      | Reached skill level 5 in Axes
  3308 | D:6      | Reached XP level 7. HP: 60/66 MP: 7/7
  3327 | D:5      | Entered Level 5 of the Dungeon
  4047 | D:5      | Found an ancient bone altar of Kikubaaqudgha.
  4860 | D:5      | Reached XP level 8. HP: 73/73 MP: 8/8
  4928 | D:5      | Identified the +0 ring mail of the Pink Corner {SInv}
  5123 | D:6      | Reached skill level 6 in Axes
  5135 | D:6      | Reached skill level 5 in Fighting
  5193 | D:6      | Found a glowing golden altar of the Shining One.
  5252 | D:6      | Noticed a flying skull
  5446 | D:6      | Found Odaetocw's Antique Armour Boutique.
  5515 | D:6      | Killed a flying skull
  6135 | D:6      | Found a basalt altar of Yredelemnul.
  6135 | D:6      | Noticed a flying skull
  6152 | D:6      | Killed a flying skull
  6153 | D:6      | Reached skill level 5 in Shields
  6209 | D:6      | Reached skill level 7 in Axes
  6482 | D:6      | Reached XP level 9. HP: 81/82 MP: 9/9
  6774 | D:7      | Reached skill level 5 in Armour
  7116 | D:7      | Reached skill level 8 in Axes
  7189 | D:7      | Found a staircase to the Ecumenical Temple.
  7204 | Temple   | Entered the Ecumenical Temple
  7923 | D:8      | Found a runed translucent door.
  7926 | D:8      | Noticed Kabixx's ghost (novice DsFE)
  7926 | D:8      | Identified the +9 spear of the Spider {flame, *Slow rF+
                  | rN+++ SInv}
  8052 | D:8      | Reached skill level 9 in Axes
  8052 | D:8      | Reached XP level 10. HP: 92/92 MP: 10/10
  8690 | D:9      | Found a staircase to the Lair.
  8716 | D:9      | Reached skill level 1 in Maces & Flails
  8739 | D:9      | Noticed Maurice
  8749 | D:9      | Killed Maurice
  9327 | D:9      | Noticed Prince Ribbit
  9342 | D:9      | Killed Prince Ribbit
  9547 | D:9      | Reached skill level 5 in Maces & Flails
  9921 | D:10     | Entered Level 10 of the Dungeon
  9926 | D:10     | Found a snail-covered altar of Cheibriados.
  9926 | D:10     | Noticed a gargoyle
 10061 | D:10     | Killed a gargoyle
 10062 | D:10     | Reached XP level 11. HP: 23/103 MP: 11/11
 10066 | D:10     | Became a worshipper of Cheibriados the Contemplative
 10566 | D:10     | Reached skill level 1 in Invocations
 11161 | D:10     | Found a radiant altar of Vehumet.
 11364 | Gauntlet | Identified the "Dunauj"
 11364 | Lair:1   | Entered Level 1 of the Lair of Beasts
 11364 | Lair:1   | Noticed Maggie
 11469 | D:9      | Reached * piety under Cheibriados
 11558 | D:9      | Slain by a cane toad

Illustrated notes

Levels and vault maps discovered:
D:1:      spicycebolla_arrival_ecumenical, layout_loops_ring
D:2:      layout_loops_ring
D:3:      layout_loops_corners, nicolae_gozag_cash_rules_everything_around_me,
          mainiacjoe_overflow_catwalk_spiral, st_stairs_12, grunt_ministairs_11,
          minivault_23, uniq_ijyb, uniq_jessica
D:4:      layout_loops_corners, chequers_serial_rivers_room_b,
          nicolae_nh_oracle_at_delphi
D:5:      layout_loops_corners, lemuel_round_altar, nicolae_figureground_pulse
D:6:      layout_loops_corners, mainiacjoe_overflow_concentric_impassable,
          serial_shops, shop, roadster_capsule_ark_zombie
D:7:      layout_basic, minmay_temple_entry_mist
D:8:      layout_gridville, ebering_ghost_funeral_grove
D:9:      kennysheep_housing_project, layout_irregular_city,
          david_lair_shrubbed, nicolae_concentric_dashed_squares_mild,
          uniq_maurice, uniq_prince_ribbit1
D:10:     layout_loops_ring, old_standard_altar, vehumet_altar_wand_db
Temple:   nicolae_temple_superstar
Lair:1:   layout_cave_shapes, basic_altar, serial_bayou_shore_a, uniq_maggie

Skill      XL: |  1  2  3  4  5  6  7  8  9 10 11 |
---------------+----------------------------------+-----
Shields        | 3 4 5 6 7 |  7.5
Axes           | 3 4 5 7 9 |  9.0
Armour         | 3 4 5 6 |  6.9
Fighting       | 4 5 6 8 |  8.3
Maces & Flails | 5 6 |  6.3
Invocations    | 2 |  2.0

Action                     |  1- 3 |  4- 6 |  7- 9 | 10-12 || total
---------------------------+-------+-------+-------+-------++-------
  Melee: War axe           |    11 |       |    54 |       ||    65
         Whip              |    62 |   144 |   194 |       ||   400
         Flail             |       |       |   214 |   307 ||   521
  Throw: Dart              |       |     2 |       |       ||     2
         Throwing net      |       |     1 |       |       ||     1
Ability: Spit Poison       |    16 |    20 |    22 |     8 ||    66
  Evoke: Wand              |       |     1 |       |     9 ||    10
         Sack of spiders   |       |       |       |     1 ||     1
    Use: Scroll            |       |     5 |     7 |     9 ||    21
         Potion            |       |       |       |     8 ||     8
 Armour: Scale mail        |    56 |    53 |       |       ||   109
         Plate armour      |       |    48 |   597 |   537 ||  1182
  Dodge: Dodged            |    24 |    31 |    54 |    40 ||   149
  Block: Buckler           |    15 |    21 |   125 |   135 ||   296

Table legend: (Time is in decaauts)
 A = Elapsed time spent in this place.
 B = Non-inter-level travel time spent in this place.
 C = Inter-level travel time spent in this place.
 D = Time resting spent in this place.
 E = Time spent auto-exploring this place.
 F = Levels seen in this place.
 G = Mean time per level.
                   A        B        C        D        E       F      G
               +--------+--------+--------+--------+--------+-----+--------+
         Total |  14868 |  13913 |    955 |     15 |  11620 |  12 | 1239.0 |
       Dungeon |  14809 |  13904 |    905 |     15 |  11620 |  10 | 1480.9 |
        Temple |     50 |      1 |     49 |      0 |      0 |   1 |   50.0 |
          Lair |      8 |      8 |      0 |      0 |      0 |   1 |    8.0 |
               +--------+--------+--------+--------+--------+-----+--------+

Top non-repeatable levels by time:
     D:9: 2306 daAuts
     D:6: 2134 daAuts
    D:10: 1813 daAuts
     D:5: 1570 daAuts
     D:4: 1507 daAuts
     D:3: 1481 daAuts
     D:2: 1053 daAuts
     D:7: 1033 daAuts
     D:1: 980 daAuts
     D:8: 927 daAuts
  Temple: 50 daAuts
  Lair:1: 8 daAuts
